 Dungeon Crawl Stone Soup version 0.21-a0-440-g28109cb (webtiles) character file.

339 AverageBear the Cutter (level 6, 3/36 HPs)
             Began as a Deep Elf Fighter on Nov 10, 2017.
             Quit the game on level 4 of the Dungeon.
             The game lasted 00:04:25 (4115 turns).

AverageBear the Cutter (Deep Elf Fighter)           Turns: 4115, Time: 00:04:25

Health: 3/36       AC:  5    Str: 15    XL:     6   Next: 29%
Magic:  8/8        EV: 12    Int: 13    God:
Gold:   114        SH:  8    Dex: 14    Spells: 5/5 levels left

rFire    + . .     SeeInvis .   a - +1 rapier
rCold    + . .     Gourm    .   c - +0 shield
rNeg     . . .     Faith    .   l - +1 leather armour {rF+}
rPois    .         Spirit   .   (no helmet)
rElec    .         Reflect  .   (no cloak)
rCorr    .         Harm     .   u - +0 pair of gloves
MR       .....                  (no boots)
Stlth    +.........             (no amulet)
HPRegen  0.12/turn              p - ring of protection from cold
MPRegen  0.11/turn              (no ring)

@: no status effects
A: no striking features
a: no special abilities


You were on level 4 of the Dungeon.
You were hungry.

You visited 2 branches of the dungeon, and saw 5 of its levels.

You collected 114 gold pieces.

Inventory:

Hand Weapons
 a - a +1 rapier (weapon)
Missiles
 s - a throwing net (quivered)
Armour
 b - a +0 scale mail
 c - a +0 shield (worn)
 l - a +1 leather armour of fire resistance (worn)
 t - a +0 ring mail
 u - a +0 pair of gloves (worn)
Jewellery
 p - a ring of protection from cold (left hand)
Wands
 r - a wand of flame (18/48)
Scrolls
 g - 2 scrolls of enchant armour
 i - 3 scrolls of magic mapping
 w - 2 scrolls of remove curse
Potions
 d - 2 potions of might
 j - a potion of flight
 k - a potion of haste
 q - 2 potions of curing
 v - a potion of agility {unknown}
Books
 e - a book of Minor Magic

   Spells                             Type                      Level
   a - Magic Dart                     Conjuration                  1
   b - Blink                          Translocation                2
   c - Call Imp                       Summoning                    2
   d - Slow                           Hexes                        2
   e - Conjure Flame                  Conjuration/Fire             3
   f - Mephitic Cloud                 Conjuration/Poison/Air       3
Comestibles
 f - 3 bread rations
 h - 2 fruits
 n - 3 meat rations


   Skills:
 - Level 2.4 Fighting
 - Level 5.1 Short Blades
 + Level 2.4 Armour
 - Level 5.0 Dodging
 - Level 2.4 Shields


You had 5 spell levels left.
You didn't know any spells.

Dungeon Overview and Level Annotations

Branches:
Dungeon (4/15)             Temple (1/1) D:4

Altars:
Gozag
Hepliaklqana
Makhleb
Nemelex Xobeh
Ru
Uskayaw
Wu Jian
Xom
Yredelemnul
Zin
The Shining One


Message History

You hit the orc wizard.
The orc wizard is almost dead.
The orc wizard points at you and mumbles some strange words.
The puff of flame hits you! You resist.
* * * LOW HITPOINT WARNING * * *
The orc warrior closely misses you.
The orc wizard gestures at you while chanting.
The magic dart hits you!
* * * LOW HITPOINT WARNING * * *
The orc wizard points at you and mumbles some strange words.
You are confused.
You bump into the rock wall.
You are feeling hungry.
The orc wizard gestures wildly while chanting.
The orc wizard flickers and vanishes!
You're too confused to move!
You bump into the rock wall.
You feel less confused. You block the orc warrior's attack.
Are you sure you want to abandon this character and quit the game? (Confirm with "yes".)

.....#######..###...#
......######§.####..#
.........§§§8..# #..###
..#...###8§§§§.###....#
#.....##.§§.§§§.###.#.#
#.....##..§..##.###.#.#
......##§§#§###..##...####
##....###.#§####.###.8...#
.#......#.#...o.@.##.....##
.#........#...##.#........#
.'.#...P..#.###..####P8.P.#
.#.#PP...##.##.....##.##..#
.#.#..#..##.##.....##.##.##
##..#.#..##.###....##.#..#
##......##o####...###.#.##
......<....#...####...#.#
P...#...##.#%.## #...##.#


You could see an orc warrior.

Vanquished Creatures
  2 hounds
  A jelly (D:2)
  2 centaur skeletons (D:4)
  A hound zombie (D:4)
  A worker ant zombie (D:4)
  6 adders
  3 oozes (D:3)
  2 adder skeletons (D:4)
  2 dart slugs
  6 leopard geckos
  3 ball pythons
  3 giant cockroaches
  6 goblins
  8 hobgoblins
  7 jackals (D:3)
  5 kobolds
  2 quokkas
  A ball python zombie (D:4)
  5 bats
  7 frilled lizards
  23 rats
96 creatures vanquished.

Notes
Turn   | Place    | Note
-------+----------+-------------------------------------------
     0 | D:1      | AverageBear the Deep Elf Fighter began the quest for the Orb.
     0 | D:1      | Reached XP level 1. HP: 13/13 MP: 3/3
   310 | D:1      | Reached XP level 2. HP: 15/18 MP: 4/4
  1137 | D:2      | Reached XP level 3. HP: 9/22 MP: 5/5
  1524 | D:2      | Reached XP level 4. HP: 23/27 MP: 6/6
  1808 | D:2      | Reached skill level 5 in Short Blades
  2024 | D:2      | Found a burning altar of Makhleb.
  2034 | D:2      | Found a shimmering altar of Xom.
  2143 | D:2      | Reached skill level 1 in Dodging
  2143 | D:2      | Reached XP level 5. HP: 29/31 MP: 7/7
  3123 | D:4      | Reached XP level 6. HP: 12/36 MP: 8/8
  3404 | D:4      | Reached skill level 5 in Dodging
  3444 | D:4      | Noticed an orc warrior
  3460 | D:4      | Found a staircase to the Ecumenical Temple.
  3474 | Temple   | Entered the Ecumenical Temple
  4101 | D:4      | HP: 1/36 [orc wizard/magic dart (4)]
  4115 | D:4      | Quit the game

Vault maps used:
D:1:      arrival_zaba_pyramid, serial_co_window_serial, co_window_paths_a,
          co_window_paths_a, co_window_paths_b, co_window_paths_a,
          co_window_paths_a, co_window_corner_ca, co_window_unsneaky_path_a,
          co_window_of_opportunity_c, co_window_paths_d, glass_columns_b,
          glass_columns_a, glass_columns_a
D:2:      amethyst_overflow_temple_binary
D:4:      lemuel_crystal_altar, temple_green, serial_undead, serial_undead_e,
          serial_undead_e, serial_undead_c, serial_undead_c, serial_undead_b,
          serial_undead_e, serial_undead_e, serial_undead_e, serial_undead_e,
          serial_undead_f, hangedman_decor_points, kennysheep_cluttered_room,
          minmay_misc_feat_square, minmay_rat_hole
Temple:   jpeg_temple_island

Skill      XL: |  1  2  3  4  5  6 |
---------------+-------------------+-----
Short Blades   | 3 4 5 |  5.1
Dodging        | 1 4 5 |  5.0
Fighting       | |  2.4
Armour         | |  2.4
Shields        | |  2.4

Action                   |  1- 3 |  4- 6 || total
-------------------------+-------+-------++-------
Melee: Rapier            |    78 |   261 ||   339
Evoke: Wand              |       |     1 ||     1
  Use: Scroll            |     3 |     7 ||    10
       Potion            |       |     2 ||     2
  Eat: Chunk             |     1 |     7 ||     8
       Royal jelly       |       |     1 ||     1
Armor: Scale mail        |    25 |     6 ||    31
       Ring mail         |       |    94 ||    94
       Leather armour    |       |     6 ||     6
Dodge: Dodged            |    18 |   114 ||   132
Block: Shield            |    38 |   159 ||   197

Table legend:
 A = Spawn XP
 B = Non-spawn XP
 C = Spawn XP percentage of total XP
 D = Spawn monster count
 E = Non-spawn monster count
 F = Spawn count percentage of total count
 G = Total turns spent on level
                    A         B        C        D         E        F      G
               +---------+---------+-------+---------+---------+-------+---------
         Total |       0 |     485 |   0.0 |       0 |      96 |   0.0 |  4115
               +---------+---------+-------+---------+---------+-------+---------
           D:1 |       0 |      20 |   0.0 |       0 |      11 |   0.0 |  1237
           D:2 |       0 |     184 |   0.0 |       0 |      30 |   0.0 |  1068
           D:3 |       0 |      74 |   0.0 |       0 |      25 |   0.0 |   587
           D:4 |       0 |     207 |   0.0 |       0 |      30 |   0.0 |   994
               +---------+---------+-------+---------+---------+-------+---------
